 Dungeon Crawl Stone Soup version 0.27-a0-448-gace5c5693b (webtiles) character file.

Game seed: 11507250506882941943

5286 siradein the Grappler (level 10, -3/81 HPs)
             Began as a Ghoul Warper on Feb 27, 2021.
             Was a Priest of Fedhas.
             Slain by a two-headed ogre
             ... wielding a +0 giant club
              (20 damage)
             ... on level 9 of the Dungeon.
             The game lasted 00:18:56 (8757 turns).

siradein the Grappler (Ghoul Warper)                Turns: 8757, Time: 00:18:57

Health: -3/81      AC: 17    Str: 16    XL:     10   Next: 63%
Magic:  12/12      EV:  8    Int:  8    God:    Fedhas [***...]
Gold:   526        SH:  5    Dex: 11    Spells: 12/12 levels left

rFire    + . .     SeeInvis .     - Unarmed
rCold    . . .     Faith    .   (no shield)
rNeg     + + +     Spirit   .   s - +0 chain mail
rPois    ∞         Reflect  +   (no helmet)
rElec    .         Harm     .   D - +0 cloak
rCorr    .         Rampage  .   (no gloves)
Will     .....                  e - +0 pair of boots
Stlth    ..........             B - amulet of reflection
HPRegen  0.00/turn              o - +4 ring of protection
MPRegen  0.13/turn              g - ring of fire

@: no status effects
A: claws 1, cold resistance 1, negative energy resistance 3, inhibited
regeneration, torment resistance, unbreathing
a: Renounce Religion, Wall of Briars, Grow Ballistomycete


You were on level 9 of the Dungeon.
You worshipped Fedhas.
Fedhas was most pleased with you.
You visited 2 branches of the dungeon, and saw 10 of its levels.

You collected 526 gold pieces.

Inventory:

Missiles
 d - 5 boomerangs of dispersal (quivered)
 k - 13 boomerangs
Armour
 e - a +0 pair of boots (worn)
 i - a +0 cloak
 s - a +0 chain mail (worn)
 D - a +0 cloak (worn)
Jewellery
 b - a ring of resist corrosion
 g - a ring of fire (right claw)
 o - a +4 ring of protection (left claw)
 B - an amulet of reflection (around neck)
Wands
 a - a wand of charming (9)
 w - a wand of iceblast (8)
 y - a wand of flame (38)
 C - a wand of acid (9)
Scrolls
 c - a scroll of blinking
 h - 5 scrolls of random uselessness {unknown}
 p - 2 scrolls of enchant weapon {unknown}
 q - a scroll of magic mapping {unknown}
 t - a scroll of fear {unknown}
 u - a scroll of enchant armour
 v - a scroll of fog
 z - a scroll of summoning
 A - a scroll of noise {unknown}
Potions
 f - 2 potions of curing
 j - a potion of haste
 l - 3 potions of heal wounds
 m - 2 potions of brilliance
 n - 2 potions of cancellation
 r - a potion of magic
 x - a potion of flight
 E - a potion of might {unknown}
 F - a potion of berserk rage {unknown}
Miscellaneous
 G - a phial of floods


   Skills:
 + Level 5.2 Fighting
 - Level 0.8 Throwing
 + Level 7.4 Armour
 + Level 4.3 Dodging
 + Level 11.7 Unarmed Combat
 - Level 1.7 Spellcasting
 - Level 2.6 Translocations
 + Level 4.6 Invocations


You had 12 spell levels left.
You didn't know any spells.
Your spell library contained the following spells:

 Spells                   Type           Power        Failure   Level
 Blink                    Tloc           N/A          94%         2
 Gell's Gravitas          Tloc           2%           99%         3
 Lesser Beckoning         Tloc           2%           99%         3
 Teleport Other           Tloc           5%           99%         3
 Manifold Assault         Tloc           5%           100%        4


Dungeon Overview and Level Annotations

Branches:
Dungeon (9/15)             Temple (1/1) D:4
   Lair: D:8-11         Orc: D:9-12

Altars:
Ashenzari
Cheibriados
Dithmenos
Elyvilon
Fedhas
Gozag
Hepliaklqana
Kikubaaqudgha
Makhleb
Nemelex Xobeh
Okawaru
Qazlal
Ru
Sif Muna
Trog
Uskayaw
Vehumet
Wu Jian
Xom
Yredelemnul
Zin
The Shining One

Annotations:
D:7 2 transporters, sraybest's ghost, novice TrFi


Innate Abilities, Weirdness & Mutations

You thrive by killing the living.
You are immune to poison.
You have sharp fingernails.
Your flesh is cold resistant. (rC+)
You are immune to negative energy. (rN+++)
You do not regenerate when monsters are visible.
You are immune to unholy pain and torment.
You can survive without breathing.


Message History

The adder skeleton is heavily damaged.
The adder skeleton bites you but does no damage.
The two-headed ogre barely misses you.
The two-headed ogre hits you with a +0 giant spiked club.
You claw the adder skeleton!
You destroy the adder skeleton!
Fedhas accepts your kill.
You barely miss the two-headed ogre. Something hits you but does no damage.
The two-headed ogre hits you with a +0 giant club!!
* * * LOW HITPOINT WARNING * * *
The two-headed ogre barely misses you.
You claw the two-headed ogre!
The two-headed ogre is moderately wounded.
Something hits you but does no damage.
You barely miss the two-headed ogre.
The two-headed ogre is moderately wounded.
The two-headed ogre hits you with a +0 giant club.
* * * LOW HITPOINT WARNING * * *
You block the two-headed ogre's attack.
You feel much better. Something hits you but does no damage.
You block the two-headed ogre's attack.
The two-headed ogre hits you but does no damage.
You closely miss the two-headed ogre.
The two-headed ogre is moderately wounded.
Something hits you but does no damage.
You mangle the two-headed ogre!!
The two-headed ogre is severely wounded.
The two-headed ogre hits you with a +0 giant club!
The two-headed ogre hits you with a +0 giant spiked club!
* * * LOW HITPOINT WARNING * * *
Something hits you but does no damage.
You scratch the two-headed ogre but do no damage.
The two-headed ogre is severely wounded.
Something hits you but does no damage.
You scratch the two-headed ogre but do no damage.
You claw the two-headed ogre.
The two-headed ogre is severely wounded.
The two-headed ogre hits you with a +0 giant club!!
You die...
Fedhas appreciates your contribution to the ecosystem.

..#####..>...# #.≈)≈≈P.....
......#......#...#≈)≈≈≈≈.....
#.....##.....#...#.≈≈≈≈P.....
#......#.....#...#...≈≈......
#......#.....#...#.P.........
#......#.....#...#...........
#......#.....#...#)).........
#.####'#.....#..O#..........
#.#..........#..@{.........
#.#..........#####.........
..#........................
..#........................
.T#................######..
..######...........# ..
#....>......# #.#####.....#
########.# .


You could see a two-headed ogre.

Vanquished Creatures
  Pikel (D:4)
  The ghost of sraybest the Ruffian, an amateur TrFi of Okawaru (D:4)
  A troll (D:9)
  Sigmund (D:3)
  4 yaks (D:9)
  3 sky beasts
  3 necrophages (D:9)
  6 ogres
  5 centaurs
  Blork the orc (D:5)
  A lemure (D:4)
  2 bullfrogs
  A kobold brigand (D:7)
  A gnoll sergeant (D:8)
  6 killer bees (D:7)
  9 wights
  2 howler monkeys
  A jelly (D:5)
  A centaur zombie (D:9)
  A centaur skeleton (D:7)
  6 hounds
  7 orc priests
  An iguana (D:4)
  5 orc wizards
  6 worker ants
  2 hound zombies
  A hound skeleton (D:7)
  2 worker ant zombies
  6 adders
  7 gnolls
  A shadow imp (D:6)
  An ufetubus (D:9)
  2 oozes
  3 adder skeletons
  2 worms
  5 dart slugs
  4 leopard geckos
  27 orcs
  5 giant cockroaches
  4 goblins
  3 hobgoblins
  9 jackals
  8 quokkas
  A ball python (D:4)
  8 bats
  8 frilled lizards
  12 kobolds
  2 leopard gecko skeletons
  A leopard gecko zombie (D:6)
  A quokka skeleton (D:5)
  A quokka zombie (D:8)
  6 rats
208 creatures vanquished.

Vanquished Creatures (others)
  2 fungi (D:9)
  5 plants (D:9)
  A withered plant (D:9)
8 creatures vanquished.

Grand Total: 216 creatures vanquished

Notes
Turn   | Place    | Note
-------+----------+-------------------------------------------
     0 | D:1      | siradein the Ghoul Warper began the quest for the Orb.
     0 | D:1      | Reached XP level 1. HP: 17/17 MP: 2/2
   303 | D:1      | Reached skill level 3 in Unarmed Combat
   303 | D:1      | Reached XP level 2. HP: 21/24 MP: 3/3
   981 | D:1      | Reached XP level 3. HP: 25/29 MP: 4/4
  1174 | D:2      | Reached skill level 4 in Unarmed Combat
  1841 | D:3      | Reached XP level 4. HP: 21/36 MP: 5/5
  1844 | D:3      | Reached skill level 5 in Unarmed Combat
  2053 | D:3      | Noticed Sigmund
  2073 | D:3      | Killed Sigmund
  2074 | D:3      | Reached skill level 6 in Unarmed Combat
  2074 | D:3      | Reached XP level 5. HP: 18/41 MP: 6/6
  2074 | D:3      | Reached XP level 6. HP: 21/48 MP: 7/7
  2088 | D:3      | Reached skill level 7 in Unarmed Combat
  2284 | D:3      | Reached skill level 8 in Unarmed Combat
  2284 | D:3      | Reached XP level 7. HP: 54/55 MP: 8/8
  2538 | D:3      | Reached skill level 1 in Armour
  3443 | D:4      | Found a staircase to the Ecumenical Temple.
  3506 | Temple   | Entered the Ecumenical Temple
  3719 | Temple   | Became a worshipper of Fedhas Madash
  3955 | D:4      | Reached skill level 9 in Unarmed Combat
  3965 | D:4      | Reached XP level 8. HP: 61/61 MP: 9/9
  3978 | D:4      | Found a runed translucent gate.
  3978 | D:4      | Found a runed translucent gate.
  3979 | D:4      | Found a runed translucent gate.
  3981 | D:4      | Noticed sraybest's ghost (amateur TrFi)
  3996 | D:4      | Noticed Pikel
  4024 | D:4      | Killed Pikel
  4191 | D:5      | Entered Level 5 of the Dungeon
  4256 | D:5      | Reached skill level 10 in Unarmed Combat
  4273 | D:5      | Reached skill level 5 in Armour
  4572 | D:5      | Found a hide-covered altar of Uskayaw.
  4654 | D:5      | Reached * piety under Fedhas
  4656 | D:5      | Noticed Blork the orc
  4667 | D:5      | Killed Blork the orc
  4677 | D:5      | Reached XP level 9. HP: 54/67 MP: 10/10
  5030 | D:5      | Found a stormy altar of Qazlal.
  5050 | D:5      | Found a broken altar of Ashenzari.
  5050 | D:5      | Found a hazy altar of Hepliaklqana.
  5147 | D:4      | Killed sraybest's ghost
  5625 | D:6      | Reached skill level 1 in Invocations
  6110 | D:7      | Reached ** piety under Fedhas
  6135 | D:7      | Reached skill level 11 in Unarmed Combat
  6700 | D:7      | HP: 3/71 [centaur (4)]
  6703 | D:7      | Reached XP level 10. HP: 12/78 MP: 11/11
  7067 | D:7      | Found a transporter.
  7068 | D:7      | Found a transporter.
  7068 | D:7      | Noticed sraybest's ghost (novice TrFi)
  7249 | D:7      | Found a glowing golden altar of the Shining One.
  8160 | D:8      | Found a snail-covered altar of Cheibriados.
  8160 | D:8      | Found a hide-covered altar of Uskayaw.
  8224 | D:9      | Reached *** piety under Fedhas
  8554 | D:9      | Reached skill level 5 in Fighting
  8744 | D:9      | Noticed a two-headed ogre
  8757 | D:9      | Slain by a two-headed ogre

Illustrated notes

Levels and vault maps discovered:
D:1:      scummos_arrival_simple_crosswalls, layout_basic
D:2:      layout_rooms
D:3:      layout_loops_cross, uniq_sigmund
D:4:      layout_rooms, minmay_temple_entry_antechambers,
          gammafunk_ghost_necromancy, uniq_pikel
D:5:      layout_basic, minitemple, basic_altar, serial_curves, eino_curves_01,
          eino_curves_03, eino_curves_03, uniq_blork_the_orc
D:6:      layout_loops_ring
D:7:      layout_loops_ring, tso_oasis_becter, gammafunk_ghost_smash,
          grunt_ministairs_14
D:8:      layout_rooms, gammafunk_temple_overflow_pools
D:9:      layout_irregular_city, dpeg_oklobed_lair, serial_undead,
          serial_undead_d, serial_undead_c, serial_undead_e, serial_undead_f,
          serial_undead_f
Temple:   eino_temple_rhombus

Skill      XL: |  1  2  3  4  5  6  7  8  9 10 |
---------------+-------------------------------+-----
Unarmed Combat | 3 4 6 8 9 10 11 | 11.7
Armour         | 3 5 6 7 |  7.4
Dodging        | 3 4 |  4.3
Invocations    | 3 4 |  4.6
Fighting       | 3 5 |  5.2
Throwing       | |  0.8
Spellcasting   | |  1.7
Translocations | |  2.6

Action                   |  1- 3 |  4- 6 |  7- 9 | 10-12 || total
-------------------------+-------+-------+-------+-------++-------
Melee: Unarmed           |   156 |    94 |   435 |   210 ||   895
       Punch             |     4 |     4 |    14 |     9 ||    31
  Use: Scroll            |       |       |    11 |       ||    11
       Potion            |       |       |       |     2 ||     2
Armor: Leather armour    |    43 |       |       |       ||    43
       Ring mail         |    24 |     9 |       |       ||    33
       Skin              |     2 |       |       |       ||     2
       Scale mail        |       |    14 |       |       ||    14
       Chain mail        |       |       |   225 |   117 ||   342
Dodge: Dodged            |   116 |    29 |   146 |    62 ||   353
Block: Other             |       |       |       |    39 ||    39

Table legend: (Time is in decaauts)
 A = Elapsed time spent in this place.
 B = Non-inter-level travel time spent in this place.
 C = Inter-level travel time spent in this place.
 D = Time resting spent in this place.
 E = Time spent auto-exploring this place.
 F = Levels seen in this place.
 G = Mean time per level.
                   A        B        C        D        E       F      G
               +--------+--------+--------+--------+--------+-----+--------+
         Total |   8614 |   8413 |    201 |    369 |   6244 |  10 |  861.4 |
       Dungeon |   8388 |   8187 |    201 |    369 |   6040 |   9 |  932.0 |
        Temple |    225 |    225 |      0 |      0 |    204 |   1 |  225.0 |
               +--------+--------+--------+--------+--------+-----+--------+

Top non-repeatable levels by time:
     D:3: 1491 daAuts
     D:7: 1355 daAuts
     D:1: 1078 daAuts
     D:5: 909 daAuts
     D:4: 886 daAuts
     D:6: 797 daAuts
     D:8: 731 daAuts
     D:2: 628 daAuts
     D:9: 510 daAuts
  Temple: 225 daAuts
